 Dungeon Crawl Stone Soup version 0.20.0-15-g7f486f2 (webtiles) character file.

309 Gargoyl the Chopper (level 6, -5/58 HPs)
             Began as a Draconian Abyssal Knight on June 16, 2017.
             Was a Believer of Lugonu.
             Slain by a scorpion (6 damage)
             ... on level 5 of the Dungeon.
             The game lasted 00:08:37 (5389 turns).

Gargoyl the Chopper (Draconian Abyssal Knight)      Turns: 5389, Time: 00:08:37

Health: -5/58      AC:  7    Str: 11 (14) XL:     6   Next: 17%
Magic:  7/7        EV: 13    Int: 10 (13) God:    Lugonu [**....]
Gold:   234        SH:  0    Dex:  9 (12) Spells: 5/5 levels left

rFire    . . .     SeeInvis .   a - +1 hand axe
rCold    . . .     Gourm    .   (no shield)
rNeg     . . .     Faith    .   (armour unavailable)
rPois    .         Spirit   .   (helmet restricted)
rElec    .         Reflect  .   (no cloak)
rCorr    .         Harm     .   d - +0 pair of gloves
MR       .....                  (no boots)
Stlth    +.........             (no amulet)
Regen    0.2/turn               (no ring)
MPRegen  0.1/turn               (no ring)

@: lethally poisoned (-5 -> -11)
A: unfitting armour, talons 1, blink, robust 1, cold-blooded, AC +6
a: Blink, Depart the Abyss, Bend Space, Renounce Religion


You were on level 5 of the Dungeon.
You worshipped Lugonu.
Lugonu was pleased with you.
You were not hungry.

You visited 1 branch of the dungeon, and saw 5 of its levels.
You visited the Abyss 1 time.

You collected 234 gold pieces.

Inventory:

Hand Weapons
 a - a +1 hand axe (weapon)
Armour
 d - a +0 pair of gloves (worn)
Scrolls
 c - a scroll of fear
 e - a scroll of remove curse
 i - 5 scrolls of identify
Comestibles
 b - 6 bread rations
 g - 3 royal jellies
 j - a fruit


   Skills:
 + Level 4.4 Fighting
 + Level 4.6 Axes
 + Level 3.6 Dodging
 + Level 1.1 Stealth
 + Level 2.2 Invocations


You had 5 spell levels left.
You didn't know any spells.

Dungeon Overview and Level Annotations

Branches:
Dungeon (5/15)
 Temple: D:4-7

Altars:
Cheibriados
Dithmenos
Fedhas
Gozag
Hepliaklqana
Okawaru
Ru
Vehumet
Zin

Shops:
D:5 }

Annotations:
D:3 Grinder
D:4 Pikel
D:5 Edmund


Innate Abilities, Weirdness & Mutations

Your plain brown scales are hard. (AC +6)
You cannot fit into any form of body armour.
You are cold-blooded and may be slowed by cold attacks.
You have sharp toenails.
You can translocate small distances at will.
You are robust. (+10% HP)


Message History

You hit the scorpion. Your kick misses the scorpion.
The scorpion is severely wounded.
The scorpion stings you.
* * * LOW HITPOINT WARNING * * *
You are lethally poisoned!
The scorpion poisons you!
A shadow imp comes into view.
You barely miss the scorpion.
The shadow imp shouts, "Give in, thou yeasty motley-minded wormtrail!"
Your tail-slap misses the scorpion.
The scorpion is severely wounded.
* * * LOW HITPOINT WARNING * * *
You feel sick. The scorpion stings you.
* * * LOW HITPOINT WARNING * * *
You hit the scorpion.
You tail-slap the scorpion, but do no damage.
The scorpion is severely wounded.
* * * LOW HITPOINT WARNING * * *
You feel sick. The scorpion stings you.
You die...

#.# # #.# #.# ...
#.## #.# ### #.<#
#?# ##.# #.# #.#
#$# #.# #.# #.#
#.#####.#.# #.#
#.s@....... #.#
#.####.5... #.#
#.# ... #.# # #
###.#
...##.###...#
..........#.......
...........#####..
#####s####.#


You could see a scorpion and a shadow imp.

Vanquished Creatures
  A slave (D:2)
  The ghost of zx48k the Sneak, an amateur OpWz (D:3)
  4 worker ants
  A killer bee zombie (D:5)
  A hound skeleton (D:4)
  A gnoll (D:1)
  2 adders
  An ooze (D:1)
  An adder skeleton (D:4)
  3 worms
  2 dart slugs (D:1)
  3 leopard geckos
  5 orcs (D:5)
  A giant cockroach (D:1)
  7 hobgoblins
  4 jackals (D:1)
  A quokka (D:5)
  A ball python skeleton (D:4)
  4 bats
  6 frilled lizards
  4 goblins
  6 kobolds
  7 rats
67 creatures vanquished.

Vanquished Creatures (others)
  3 fungi (D:4)
  2 plants (D:4)
5 creatures vanquished.

Grand Total: 72 creatures vanquished

Notes
Turn   | Place    | Note
-------+----------+-------------------------------------------
     0 | Abyss:1  | Gargoyl the Draconian Abyssal Knight began the quest for the Orb.
     0 | Abyss:1  | Reached XP level 1. HP: 19/19 MP: 2/2
   217 | Abyss:1  | Noticed an ancient zyme
   218 | D:1      | Escaped the Abyss
   277 | D:1      | Reached XP level 2. HP: 9/26 MP: 3/3
   505 | D:1      | Reached * piety under Lugonu
   902 | D:1      | Reached XP level 3. HP: 33/33 MP: 4/4
  1564 | D:2      | Found a radiant altar of Vehumet.
  1646 | D:2      | Found an opulent altar of Gozag.
  1818 | D:2      | Reached XP level 4. HP: 38/40 MP: 5/5
  2067 | D:2      | Found an iron altar of Okawaru.
  2071 | D:2      | Found a glowing silver altar of Zin.
  2076 | D:2      | Found an opulent altar of Gozag.
  2357 | D:3      | Noticed Grinder
  2370 | D:3      | Paralysed by Grinder for 2 turns
  3084 | D:4      | Found a blossoming altar of Fedhas.
  3084 | D:4      | Found a snail-covered altar of Cheibriados.
  3085 | D:4      | Found a hazy altar of Hepliaklqana.
  3129 | D:4      | Reached XP level 5. HP: 45/46 MP: 6/6
  3173 | D:4      | Noticed a slave
  3186 | D:4      | Noticed Pikel
  3186 | D:4      | Noticed a slave
  3189 | D:4      | Noticed a slave
  3189 | D:4      | Noticed a slave
  3313 | D:3      | Noticed zx48k's ghost (amateur OpWz)
  3432 | D:2      | Killed a slave
  3715 | D:3      | Killed zx48k's ghost
  4075 | D:4      | Reached skill level 1 in Stealth
  4318 | D:4      | Found a shadowy altar of Dithmenos.
  4345 | D:4      | Found a sacrificial altar of Ru.
  4355 | D:4      | Gained mutation: You can translocate small distances at will. [potion of mutation]
  4355 | D:4      | Gained mutation: You are robust. (+10% HP) [potion of mutation]
  4355 | D:4      | Gained mutation: You have sharp toenails. [potion of mutation]
  4707 | D:5      | Entered Level 5 of the Dungeon
  4754 | D:5      | Reached ** piety under Lugonu
  4834 | D:5      | Reached XP level 6. HP: 27/58 MP: 7/7
  5147 | D:5      | Found Haross's Gadget Emporium.
  5302 | D:5      | Noticed Edmund
  5388 | D:5      | HP: 2/58 [scorpion (5)]
  5389 | D:5      | Slain by a scorpion

Skill      XL: |  1  2  3  4  5 |
---------------+----------------+-----
Axes           | 3 4 |  4.6
Dodging        | 3 |  3.6
Fighting       | 4 |  4.4
Stealth        | 1 |  1.1
Invocations    | |  2.2

Action                   |  1- 3 |  4- 6 || total
-------------------------+-------+-------++-------
Melee: Hand axe          |   117 |   188 ||   305
       Tailslap          |    10 |    17 ||    27
       Kick              |       |    16 ||    16
Invok: Depart the Abyss  |     1 |       ||     1
 Abil: Blink             |       |     1 ||     1
  Use: Scroll            |     2 |    10 ||    12
       Potion            |       |     8 ||     8
 Stab: Invisible         |       |     1 ||     1
  Eat: Chunk             |     3 |     8 ||    11
       Fruit             |       |     4 ||     4
Armor: Skin              |    35 |    43 ||    78
Dodge: Dodged            |    93 |   120 ||   213
